 Dungeon Crawl Stone Soup version 0.29.1-1-gd02db6906a (webtiles) character file.

Game seed: 16905022715741516212

3 Icepheonix32 the Insei (level 1, -1/15 HPs)
             Began as a Merfolk Transmuter on Sept 19, 2022.
             Slain by a jackal (2 damage)
             ... on level 1 of the Dungeon.
             The game lasted 00:00:16 (149 turns).

Icepheonix32 the Insei (Merfolk Transmuter)          Turns: 149, Time: 00:00:16

Health: -1/15      AC:  2    Str: 10    XL:     1   Next: 50%
Magic:  3/3        EV: 13    Int: 12    God:
Gold:   0          SH:  0    Dex: 14    Spells: 3/4 levels left

rFire   . . .      SeeInvis .     - Unarmed
rCold   . . .      Faith    .   (no shield)
rNeg    . . .      Spirit   .   a - +0 robe
rPois   .          Reflect  .   (helmet currently unavailable)
rElec   .          Harm     .   (no cloak)
rCorr   +          Rampage  .   (no gloves)
Will    .....                   (boots currently unavailable)
Stlth   +.........              (no amulet)
HPRegen 0.05/turn               d - ring of resist corrosion
MPRegen 0.08/turn               (no ring)

@: appendages (expiring)
A: horns 2, (nimble swimmer 2), mertail
a: End Transformation


You were on level 1 of the Dungeon.
You had temporarily grown beastly horns.
You visited 1 branch of the dungeon, and saw 1 of its levels.

Inventory:

Armour
 a - a +0 robe (worn)
Jewellery
 d - a ring of resist corrosion (left hand)
Potions
 b - a potion of lignification
 c - a potion of degeneration {unknown}


   Skills:
 + Level 1.1 Fighting
 * Level 2.9 Dodging
 + Level 3.3 Unarmed Combat
 + Level 2.0 Spellcasting
 * Level 2.8 Transmutations


You had 3 spell levels left.
You knew the following spells:

 Your Spells              Type           Power      Damage    Failure   Level
a - Beastly Appendage     Tmut           16%        N/A       9%          1

Your spell library contained the following spells:

 Spells                   Type           Power      Damage    Failure   Level
 Wereblood                Tmut           8%         N/A       13%         2
 Spider Form              Tmut/Pois      4%         N/A       41%         3
 Ice Form                 Ice/Tmut       4%         N/A       83%         4


Dungeon Overview and Level Annotations

Branches:
Dungeon (1/15)

Altars:


Innate Abilities, Weirdness & Mutations

You have temporarily grown beastly horns.
((You are very nimble when in or above water. (Stealth+, EV+, Speed+++)))
Your lower body shifts to a powerful aquatic tail in water.


Message History

The jackal bites you but does no damage.
A jackal comes into view.
A quokka comes into view.
The jackal barely misses you.
You closely miss the jackal. The jackal bites you.
You barely miss the jackal. You headbutt the jackal.
The jackal is lightly wounded.
The jackal bites you but does no damage.
The kobold hits you with a +0 short sword.
You miss the jackal.
The jackal is lightly wounded.
The jackal barely misses you. The kobold completely misses you.
The jackal barely misses you.
You hit the jackal but do no damage.
The jackal is lightly wounded.
The jackal barely misses you. The kobold closely misses you.
The jackal misses you.
You hit the jackal.
The jackal is severely wounded.
Your transformation is almost over.
The jackal closely misses you. The jackal misses you.
The kobold hits you but does no damage.
You hit the jackal but do no damage. Your headbutt misses the jackal.
Your punch misses the jackal.
The jackal is severely wounded.
The jackal barely misses you. The jackal bites you.
The kobold hits you with a +0 short sword.
You are too injured to fight recklessly!
You are too injured to fight recklessly!
You are too injured to fight recklessly!
The jackal barely misses you. The jackal closely misses you.
The jackal attacks as you move away! The jackal closely misses you.
The jackal closely misses you. x3; The jackal barely misses you.
The kobold barely misses you.
You hit the jackal but do no damage. Your headbutt misses the jackal.
The jackal bites you. The jackal misses you. The jackal bites you. x2
* * * LOW HITPOINT WARNING * * *
The kobold hits you with a +0 short sword.
* * * LOW HITPOINT WARNING * * *
The jackal attacks as you move away! The jackal bites you.
You die...

..# #### .... #.# #..
.... #.# #.# ... ##.#
## ##.# ####.#
#..###.###..## ....# #
....#..##....###..##.#
...#..##.......h#K...#
.†..#....#####..@hr.#
#.....#### ####h.....#
###'### ###...## ..'.+
...... ###+# ...## #
....# .... #..#


You could see a quokka, 3 jackals and a kobold.

Vanquished Creatures
  A hobgoblin (D:1)
  A quokka (D:1)
  A rat (D:1)
3 creatures vanquished.

Notes
Turn   | Place    | Note
-------+----------+-------------------------------------------
     0 | D:1      | Icepheonix32 the Merfolk Transmuter began the quest for the
                  | Orb.
     0 | D:1      | Reached XP level 1. HP: 15/15 MP: 3/3
   149 | D:1      | Slain by a jackal

Illustrated notes

Levels and vault maps discovered:
D:1:      elethiomel_arrival_infinity_welcomes_careful_drivers,
          layout_loops_cross, chequers_ecumenical_altar_island, minivault_11

Action                   || total
-------------------------++-------
Melee: Unarmed           ||    19
       Headbutt          ||     3
 Cast: Beastly Appendage ||     3
Armor: Robe              ||     4
Dodge: Dodged            ||    23
